 Dungeon Crawl Stone Soup version 0.30-a0-354-g6b83867211 (webtiles) character file.

Game seed: 7536037192907296192

2555 NinjaNoafa the Slicer (level 9, -2/68 HPs)
             Began as a Merfolk Gladiator on Nov 7, 2022.
             Was a Follower of Uskayaw.
             Slain by a gnoll sergeant
             ... wielding a +0 trident
              (8 damage)
             ... on level 7 of the Dungeon.
             The game lasted 00:16:00 (7921 turns).

NinjaNoafa the Slicer (Merfolk Gladiator)           Turns: 7921, Time: 00:16:00

Health: -2/68      AC:  5    Str: 14 (15) XL:     9   Next: 56%
Magic:  13/13      EV: 16    Int:  4 (7)  God:    Uskayaw [*.....]
Gold:   336        SH:  5    Dex: 20 (22) Spells: 8/8 levels left

rFire   . . .      SeeInvis .    u - +1 dagger "Dirio" {freeze, Dex+3}
rCold   + . .      Faith    .    (no shield)
rNeg    . . .      Spirit   .    b - +0 leather armour
rPois   .          Reflect  +    c - +0 helmet
rElec   .          Harm     .    E - scarf {repulsion}
rCorr   .          Rampage  .    (no gloves)
Will    .....                    t - +0 pair of boots
Stlth   +.........               w - amulet of reflection
HPRegen 0.31/turn                x - ring of protection from cold
MPRegen 0.13/turn                (no ring)

@: hasted, repel missiles, very quick
A: (nimble swimmer 2), mertail
a: Renounce Religion, Stomp


You were on level 7 of the Dungeon.
You worshipped Uskayaw.
Uskayaw was noncommittal.
You visited 1 branch of the dungeon, and saw 7 of its levels.
You also visited: Sewer.

You collected 469 gold pieces.
You spent 133 gold pieces at shops.

Inventory:

Hand Weapons
 u - the +1 dagger "Dirio" (weapon) {freeze, Dex+3}
   (You bought it in a shop on level 3 of the Dungeon)

   It freezes those it strikes, dealing additional cold damage.
   It can also slow down cold-blooded creatures.
   Dex:       It affects your dexterity (+3).
Missiles
 d - a throwing net
 i - 13 poisoned darts
 j - a silver boomerang
 k - 59 stones
 n - 3 javelins (quivered)
 D - a boomerang
Armour
 b - a +0 leather armour (worn)
 c - a +0 helmet (worn)
 e - a +0 kite shield
 t - a +0 pair of boots (worn)
 E - a scarf of repulsion (worn)
Jewellery
 w - an amulet of reflection (around neck)
 x - a ring of protection from cold (left hand)
Wands
 s - a wand of paralysis (11)
 y - a wand of iceblast (11)
 K - a wand of quicksilver (3)
Scrolls
 f - 3 scrolls of teleportation {unknown}
 g - 5 scrolls of identify {unknown}
 h - 2 scrolls of enchant armour {unknown}
 l - 3 scrolls of enchant weapon {unknown}
 m - a scroll of noise {unknown}
 o - 2 scrolls of blinking {unknown}
 p - 2 scrolls of amnesia {unknown}
 q - 2 scrolls of fear {unknown}
 v - a scroll of summoning {unknown}
 z - a scroll of acquirement {unknown}
 C - 3 scrolls of poison {unknown}
 F - a scroll of magic mapping {unknown}
 I - a scroll of butterflies {unknown}
Potions
 a - a potion of degeneration
 r - 2 potions of haste
 A - a potion of brilliance {unknown}
 B - 2 potions of heal wounds
 G - a potion of magic {unknown}


   Skills:
 - Level 5.0 Fighting
 - Level 9.0 Short Blades
 - Level 2.0 Throwing
 - Level 7.0 Dodging
 + Level 5.6 Invocations
 + Level 6.9 Evocations


You had 8 spell levels left.
You didn't know any spells.
Your spell library contained the following spells:

 Spells                   Type           Power      Damage    Failure   Level
 Blink                    Tloc           0%         N/A       73%         2
 Cigotuvi's Dreadful Rot  Necr/Pois/Air  0%         N/A       73%         2
 Momentum Strike          Conj/Tloc      0%         3d8       73%         2
 Poisonous Vapours        Pois/Air       0%         N/A       73%         2
 Lesser Beckoning         Tloc           0%         N/A       91%         3
 Mephitic Cloud           Conj/Pois/Air  0%         N/A       91%         3
 Tukima's Dance           Hex            0%         N/A       91%         3
 Manifold Assault         Tloc           0%         N/A       100%        4
 Passage of Golubria      Tloc           0%         N/A       100%        4
 Yara's Violent Unravell  Hex/Tmut       0%         3d3       100%        5
 Storm Form               Tmut/Air       0%         N/A       100%        7


Dungeon Overview and Level Annotations

Branches:
Dungeon (7/15)             Temple (0/1) D:7           Sewer (visited)

Altars:
Dithmenos
Hepliaklqana
Makhleb
Nemelex Xobeh
Trog
Uskayaw
Wu Jian

Shops:
D:3 (


Innate Abilities, Weirdness & Mutations

((You are very nimble when in or above water. (Stealth+, EV+, Speed+++)))
Your lower body shifts to a powerful aquatic tail in water.


Message History

The skeletal warrior hits you with a +0 flail of protection!
You hit the skeletal warrior but do no damage.
You hit the skeletal warrior but do no damage.
The skeletal warrior hits you with a +0 flail of protection.
You block the skeletal warrior's attack.
You hit the skeletal warrior.
The skeletal warrior is lightly damaged.
Aiming: Paralyse
Press: ? - help, Shift-Dir - straight line, f - skeletal warrior
Aim: a skeletal warrior, wielding a +0 flail of protection (lightly damaged, chance to affect: 7%)
Okay, then.
Aiming: Quicksilver Bolt
Press: ? - help, Shift-Dir - straight line, f - skeletal warrior
Aim: a skeletal warrior, wielding a +0 flail of protection (lightly damaged, 74% to hit)
The bolt of dispelling energy hits the skeletal warrior.
The skeletal warrior is lightly damaged.
You hear a shout!
You block the skeletal warrior's attack.
You closely miss the skeletal warrior.
The skeletal warrior is lightly damaged.
The skeletal warrior barely misses you.
You hit the skeletal warrior but do no damage.
The skeletal warrior is lightly damaged.
The skeletal warrior hits you with a +0 flail of protection!!
A gnoll sergeant comes into view. It is wielding a +0 trident.
You hit the skeletal warrior but do no damage.
The skeletal warrior is lightly damaged.
You hit the skeletal warrior but do no damage.
The skeletal warrior is lightly damaged.
The skeletal warrior hits you with a +0 flail of protection!
* * * LOW HITPOINT WARNING * * *
You hit the skeletal warrior.
The skeletal warrior is lightly damaged.
The skeletal warrior attacks as you move away!
The skeletal warrior closely misses you.
You feel yourself speed up.
The skeletal warrior hits you with a +0 flail of protection.
* * * LOW HITPOINT WARNING * * *
The gnoll sergeant hits you from afar with a +0 trident!
You die...

..........# ##.# ##.
...####..####.# ##
...####..)#...#
...##<........###
................###
...###............### ####
#....###.......### # #...##
##......'.# ##...#
##.@zg##.. # #..<##
##.....# . # ####....#
#..†>..### #
.....>..#####........## ##
......>...............#
###.
......................###
##...
.....#####...#####......###
#.... ......####..##
##...#....# #....
......#.....#
#.....##..###....


You could see a skeletal warrior and a gnoll sergeant.

Vanquished Creatures
  Pikel (D:7)
  A wyvern (D:5)
  Eustachio (D:6)
  A basilisk (D:7)
  Menkaure (D:6)
  A water moccasin (Sewer)
  An ogre (D:4)
  2 centaurs
  A phantom (D:5)
  A lemure (D:7)
  2 bullfrogs (D:7)
  A necrophage (D:7)
  2 scorpions
  4 howler monkeys
  2 hounds
  2 jellies
  3 orc priests
  Jessica (D:2)
  An iguana (D:4)
  6 orc wizards
  7 gnolls
  7 adders
  2 shadow imps
  2 ufetubi
  2 worms
  2 dart slugs
  28 orcs
  6 endoplasms
  4 giant cockroaches
  8 goblins
  8 hobgoblins
  3 jackals (D:2)
  A quokka (D:1)
  8 ball pythons
  13 bats
  4 frilled lizards
  5 kobolds
  3 rats
  A spectral kobold (D:3)
149 creatures vanquished.

Vanquished Creatures (others)
  A hobgoblin (D:4)
1 creature vanquished.

Grand Total: 150 creatures vanquished

Notes
Turn   | Place    | Note
-------+----------+-------------------------------------------
     0 | D:1      | NinjaNoafa the Merfolk Gladiator began the quest for the
                  | Orb.
     0 | D:1      | Reached XP level 1. HP: 16/16 MP: 1/1
    87 | D:1      | Reached skill level 4 in Short Blades
   160 | D:1      | Reached XP level 2. HP: 22/22 MP: 2/2
   402 | D:1      | Reached skill level 5 in Short Blades
   402 | D:1      | Reached XP level 3. HP: 23/24 MP: 3/3
   985 | D:2      | Reached skill level 5 in Dodging
  1054 | D:2      | Noticed Jessica
  1060 | D:2      | Killed Jessica
  1061 | D:2      | Reached XP level 4. HP: 34/35 MP: 4/4
  1401 | D:3      | Found Upouw's Antique Weapon Emporium.
  1635 | D:3      | Found a faded altar of an unknown god.
  1702 | D:3      | Found a hazy altar of Hepliaklqana.
  1854 | D:3      | Found a glowing drain.
  1861 | D:3      | Reached XP level 5. HP: 27/40 MP: 5/5
  1871 | Sewer    | Entered a sewer
  1944 | Sewer    | Noticed a water moccasin
  1961 | Sewer    | Killed a water moccasin
  1962 | Sewer    | Reached skill level 7 in Short Blades
  1962 | Sewer    | Reached XP level 6. HP: 22/47 MP: 6/6
  2214 | D:3      | Bought a masterwork dagger for 133 gold pieces
  2214 | D:3      | Identified the +1 dagger "Dirio" {freeze, Dex+3} (You
                  | bought it in a shop on level 3 of the Dungeon)
  2821 | D:4      | Reached XP level 7. HP: 18/54 MP: 7/7
  3388 | D:4      | Found a sparkling altar of Nemelex Xobeh.
  3496 | D:5      | Entered Level 5 of the Dungeon
  3928 | D:5      | Reached skill level 8 in Short Blades
  4069 | D:5      | Noticed a wyvern
  4093 | D:5      | Killed a wyvern
  4094 | D:5      | Reached skill level 5 in Fighting
  4094 | D:5      | Reached XP level 8. HP: 29/62 MP: 8/8
  4257 | D:5      | Found an ornate altar of the Wu Jian Council.
  4584 | D:5      | Reached skill level 9 in Short Blades
  5000 | D:6      | Reached skill level 1 in Evocations
  5376 | D:6      | Noticed a +0 hand axe
  5378 | D:6      | Noticed a +0 dagger
  5380 | D:6      | Found a hide-covered altar of Uskayaw.
  5520 | D:6      | Became a worshipper of Uskayaw the Reveller
  5588 | D:6      | Noticed Menkaure
  5594 | D:6      | Reached * piety under Uskayaw
  5602 | D:6      | Killed Menkaure
  5602 | D:6      | Reached ** piety under Uskayaw
  5830 | D:6      | Noticed Eustachio
  5857 | D:6      | Killed Eustachio
  5933 | D:6      | Reached skill level 1 in Invocations
  6383 | D:7      | Reached *** piety under Uskayaw
  6385 | D:7      | Reached **** piety under Uskayaw
  6444 | D:7      | Reached skill level 5 in Evocations
  6550 | D:7      | Found a bloodstained altar of Trog.
  6676 | D:7      | Found a staircase to the Ecumenical Temple.
  6689 | D:7      | Noticed Pikel
  6714 | D:7      | Killed Pikel
  6715 | D:7      | Reached XP level 9. HP: 63/68 MP: 10/12
  6734 | D:7      | Found a shadowy altar of Dithmenos.
  6854 | D:7      | Reached skill level 5 in Invocations
  7535 | D:7      | Found a burning altar of Makhleb.
  7906 | D:7      | Noticed a skeletal warrior
  7921 | D:7      | Slain by a gnoll sergeant

Illustrated notes

Levels and vault maps discovered:
D:1:      psy_arrival_spokes, layout_basic
D:2:      layout_rooms, uniq_jessica
D:3:      layout_basic, nicolae_hepliaklqana_monster_ancestors, serial_forest,
          infiniplex_forest_lined_2, infiniplex_forest_straight_4,
          infiniplex_forest_clump_tiny, infiniplex_forest_clump_tiny,
          infiniplex_forest_clump_long, infiniplex_forest_lined_2, serial_shops,
          nicolae_square_shop, ebering_ecumenical_altar_petrified,
          portal_sewer_entry_d
D:4:      layout_cave_pools, mainiacjoe_overflow_six_doors_small,
          minmay_goblin_kobold_house
D:5:      layout_basic, nicolae_wu_jian_wuxing_cycle
D:6:      layout_basic, dancing_weapons_uskayaw, uniq_menkaure, uniq_eustachio
D:7:      minmay_slanted_spiral_squares, layout_layer_cave,
          mainiacjoe_overflow_24_doors, lemuel_round_altar,
          nicolae_dithmenos_the_darkroom, minmay_temple_entry_ruins, uniq_pikel

Skill      XL: |  1  2  3  4  5  6  7  8  9 |
---------------+----------------------------+-----
Short Blades   | 4 5 7 8 9 |  9.0
Dodging        | 5 7 |  7.0
Fighting       | 3 4 5 |  5.0
Evocations     | 6 |  6.9
Invocations    | 4 5 |  5.6
Throwing       | |  2.0

Action                   |  1- 3 |  4- 6 |  7- 9 || total
-------------------------+-------+-------+-------++-------
Melee: Rapier            |    89 |   108 |       ||   197
       Punch             |     2 |     3 |     9 ||    14
       Tailslap          |       |     3 |       ||     3
       Dagger            |       |   104 |   493 ||   597
Throw: Javelin           |    30 |     5 |    13 ||    48
       Throwing net      |     1 |     2 |     1 ||     4
       Dart              |       |       |     3 ||     3
Invok: Stomp             |       |       |     2 ||     2
       Line Pass         |       |       |     1 ||     1
Evoke: Wand              |       |       |     1 ||     1
  Use: Potion            |       |     2 |    10 ||    12
 Stab: Sleeping          |     1 |       |       ||     1
       Invisible         |       |     2 |     3 ||     5
       Paralysed         |       |       |     6 ||     6
Armor: Leather armour    |    40 |    66 |    51 ||   157
Dodge: Dodged            |   116 |   194 |   236 ||   546
       Repelled          |       |       |     1 ||     1
Block: Other             |       |       |    77 ||    77
       Reflection        |       |       |     2 ||     2

Table legend: (Time is in decaauts)
 A = Elapsed time spent in this place.
 B = Non-inter-level travel time spent in this place.
 C = Inter-level travel time spent in this place.
 D = Time resting spent in this place.
 E = Time spent auto-exploring this place.
 F = Levels seen in this place.
 G = Mean time per level.
                   A        B        C        D        E       F      G
               +--------+--------+--------+--------+--------+-----+--------+
         Total |   7633 |   7364 |    269 |     27 |   5985 |   8 |  954.1 |
       Dungeon |   7404 |   7135 |    269 |     27 |   5824 |   7 | 1057.7 |
         Sewer |    229 |    229 |      0 |      0 |    161 |   1 |  229.0 |
               +--------+--------+--------+--------+--------+-----+--------+

Top non-repeatable levels by time:
     D:7: 1451 daAuts
     D:5: 1372 daAuts
     D:6: 1366 daAuts
     D:3: 1098 daAuts
     D:4: 794 daAuts
     D:1: 764 daAuts
     D:2: 556 daAuts
   Sewer: 229 daAuts
